Map: Acid Plant LE

Players

Serral - Winner!

  • Race: Zerg Zerg
  • Spawn Location: 11:00

Elazer

  • Race: Zerg Zerg
  • Spawn Location: 5:00

Event: WESG 2017 Haikou

VOD

Have the link to the VOD?

Description

Time

  • Played on: March 16, 2018, 12:18 a.m.
  • Length: 13:32

All games in this series

Show
View Real Time Build Order
Export as new Build Order

Serral Zerg - Winner!

Build Orders: Hatch First 

Get SALT Encoding   

  12  0:00  Drone  
  13  0:12  Overlord  
  13  0:17  Drone  
  14  0:31  Drone x2  
  14  0:35  Drone  
  17  0:51  Hatchery  
  17  0:55  Drone  
  17  0:58  Drone  
  17  1:01  Extractor  
  17  1:13  Spawning Pool  
  17  1:16  Drone  
  17  1:19  Drone  
  18  1:28  Drone  
  19  1:38  Overlord  
  19  1:51  Drone  
  20  1:59  Queen  
  22  2:02  Metabolic Boost, Queen  
  22  2:04  Drone  
  22  2:07  Drone  
  26  2:11  Drone  
  26  2:14  Drone  
  28  2:23  Drone  
  28  2:26  Zergling x2  
  30  2:34  Hatchery  
  29  2:41  Queen  
  31  2:46  Overlord  
  31  2:48  Drone  
  31  2:50  Drone  
  33  2:53  Drone  
  33  2:57  Overlord  
  34  3:00  Drone  
  35  3:13  Zergling x2  
  35  3:14  Zergling x12  
  35  3:18  Zergling x2  
  43  3:28  Drone  
  43  3:29  Drone  
  45  3:34  Roach Warren  
  45  3:36  Zergling x2  
  45  3:37  Zergling x2  
  45  3:41  Overlord  
  46  3:42  Drone x2  
  46  3:45  Drone  
  46  3:46  Drone x2  
  51  3:54  Drone x3  
  54  3:59  Extractor  
  53  4:05  Overlord  
  52  4:10  Zergling x2  
  52  4:14  Roach x3  
  52  4:16  Evolution Chamber  
  59  4:19  Roach x2  
  59  4:21  Drone x2  
  59  4:24  Overlord  
  64  4:27  Overlord  
  64  4:30  Drone x2  
  64  4:31  Drone  
  67  4:36  Drone x3  
  70  4:42  Zerg Missile Weapons Level 1  
  70  4:44  Drone x2  
  72  4:51  Extractor, Overlord x2  
  71  5:00  Overlord  
  71  5:06  Overlord  
  70  5:21  Overlord  
  70  5:25  Roach x11  
  92  5:30  Roach x2  
  92  5:32  Roach  
  98  5:38  Roach  
  104  5:49  Lair  
  104  5:51  Drone x5  
  104  5:55  Queen x2  
  109  5:57  Drone  
  109  5:58  Drone  
  109  6:00  Drone  
  109  6:03  Overlord  
  108  6:05  Drone x2  
  108  6:10  Overlord  
  109  6:13  Overlord  
  109  6:16  Drone  
  101  6:19  Drone x2  
  101  6:21  Extractor, Drone x2  
  101  6:22  Drone, Spore Crawler  
  98  6:26  Spore Crawler  
  98  6:28  Spore Crawler x2  
  98  6:29  Drone  
  98  6:30  Drone  
  98  6:31  Drone  
  98  6:41  Drone  
  98  6:42  Drone x3  
  98  6:43  Zergling x4  
  98  6:45  Queen  
  106  6:47  Queen  
  106  6:51  Spore Crawler  
  106  6:52  Overseer  
  107  6:54  Queen  
  107  6:59  Drone, Spore Crawler  
  109  7:03  Extractor, Drone  
  109  7:04  Drone x4, Extractor  
  109  7:06  Drone  
  109  7:08  Drone x2  
  115  7:13  Zerg Missile Weapons Level 2, Overlord  
  115  7:17  Overlord  
  115  7:22  Glial Reconstitution  
  114  7:27  Infestation Pit  
  114  7:28  Hydralisk Den, Drone x2  
  113  7:31  Drone x2  
  115  7:38  Spore Crawler  
  115  7:39  Overlord x2  
  114  7:44  Overlord  
  116  7:58  Roach x3  
  116  7:59  Roach  
  116  8:02  Grooved Spines  
  116  8:04  Infestor x3  
  128  8:08  Hatchery  
  127  8:14  Hydralisk x4, Hatchery  
  127  8:16  Hatchery  
  127  8:19  Hatchery  
  135  8:21  Hydralisk x5  
  145  8:34  Hive  
  139  8:41  Hydralisk x4  
  139  8:42  Hydralisk x2  
  139  8:45  Pneumatized Carapace  
  139  8:47  Overseer  
  151  8:48  Overseer  
  151  8:49  Overseer  
  151  8:51  Drone x5  
  151  8:55  Extractor, Drone x2  
  156  8:56  Drone x2  
  156  9:02  Overlord  
  159  9:06  Hydralisk x3  
  164  9:12  Roach x3  
  164  9:14  Extractor, Overseer  
  167  9:17  Overlord  
  165  9:26  Roach x6  
  175  9:36  Overseer  
  175  9:43  Roach x8  
  191  9:49  Zerg Missile Weapons Level 3  
  191  9:53  Overlord  
  191  9:54  Overlord  
  191  10:01  Overlord  
  191  10:03  Unknown  
  191  10:06  Viper  
  192  10:11  Viper  
  192  10:13  Viper  
  198  10:18  Roach x2  
  198  10:21  Roach x2  
  198  10:23  Roach  
  198  10:24  Roach x2  
  188  10:42  Viper x2  
  188  10:43  Roach x2  
  188  10:46  Roach x2  
  188  10:48  Roach x2  
  200  10:53  Roach x6  
  200  10:56  Roach  
  200  11:01  Roach  
  198  11:05  Roach x3  
  198  11:08  Roach  
  190  11:13  Hydralisk x2  
  190  11:14  Hydralisk, Infestor  
  190  11:15  Roach  
  182  11:21  Muscular Augments  
  182  11:22  Roach x2  
  174  11:27  Drone  
  174  11:29  Hydralisk x3  
  174  11:30  Roach  
  174  11:31  Overlord x2  
  171  11:36  Hatchery  
  171  11:39  Hydralisk x2  
  174  11:40  Roach x5  
  174  11:45  Drone  
  185  11:51  Overseer  
  185  11:54  Lurker Den  
  185  11:58  Hydralisk x4  
  190  12:01  Hatchery  
  190  12:05  Roach x4  
  190  12:08  Overseer x2  
  191  12:31  Roach x6  
  196  12:40  Roach x4  
  196  12:45  Overlord x2  
  184  12:56  Hydralisk x8  
  184  12:57  Roach x5  
  192  13:03  Hydralisk  
  192  13:04  Hydralisk  
  178  13:08  Drone x4  
Show
View Real Time Build Order
Export as new Build Order

Elazer Zerg 

Build Orders: Hatch First, Lurkers 

Get SALT Encoding   

  12  0:02  Drone  
  13  0:12  Overlord  
  13  0:16  Drone  
  14  0:30  Drone x2  
  16  0:47  Hatchery  
  15  0:51  Drone  
  15  0:54  Drone  
  17  0:58  Drone  
  18  1:08  Extractor  
  17  1:13  Spawning Pool  
  17  1:16  Drone  
  17  1:20  Drone  
  18  1:28  Drone  
  19  1:39  Drone  
  20  1:51  Overlord  
  20  1:59  Queen x2  
  20  2:00  Zergling x2  
  25  2:02  Drone  
  25  2:08  Metabolic Boost  
  26  2:10  Drone  
  26  2:12  Drone  
  28  2:21  Drone  
  28  2:22  Drone  
  30  2:31  Drone  
  30  2:34  Drone  
  32  2:41  Hatchery  
  31  2:47  Overlord  
  31  2:49  Drone  
  32  2:53  Drone  
  32  2:56  Drone  
  34  3:00  Baneling Nest  
  34  3:04  Drone  
  34  3:08  Drone  
  34  3:09  Drone  
  34  3:10  Drone x2  
  34  3:12  Queen  
  38  3:16  Zergling x2  
  40  3:21  Overlord  
  40  3:27  Zergling x4  
  42  3:36  Zergling x2  
  43  3:41  Zergling x8  
  43  3:42  Zergling x2  
  43  3:43  Baneling, Zergling x4  
  43  3:44  Baneling  
  50  3:49  Overlord  
  50  3:55  Overlord  
  50  3:57  Lair, Queen  
  50  4:00  Overlord  
  52  4:03  Drone  
  52  4:04  Drone  
  54  4:12  Drone  
  54  4:13  Drone  
  54  4:14  Drone  
  54  4:16  Extractor x2  
  54  4:17  Drone x2  
  54  4:18  Drone x2  
  58  4:30  Hatchery  
  57  4:32  Drone  
  57  4:36  Drone x2  
  60  4:41  Overlord  
  60  4:48  Overlord  
  60  4:51  Drone x4  
  64  4:53  Extractor  
  64  4:59  Spire  
  62  5:01  Drone  
  62  5:02  Drone x3  
  66  5:08  Spine Crawler  
  66  5:09  Spine Crawler  
  66  5:11  Spine Crawler  
  63  5:14  Spine Crawler  
  63  5:16  Spine Crawler  
  63  5:20  Evolution Chamber  
  60  5:28  Evolution Chamber  
  59  5:33  Overlord  
  59  5:34  Drone  
  59  5:35  Drone x2  
  61  6:15  Mutalisk x8  
  74  6:21  Mutalisk  
  74  6:24  Drone x7  
  81  6:27  Hatchery  
  80  6:36  Drone  
  80  6:38  Hydralisk Den  
  80  6:39  Mutalisk  
  80  6:45  Overlord  
  80  6:46  Drone x2  
  84  6:47  Extractor  
  84  6:48  Drone  
  84  6:51  Extractor  
  83  6:55  Drone  
  83  6:56  Drone  
  83  6:57  Drone  
  83  6:59  Overlord  
  87  7:01  Drone  
  87  7:11  Lurker Den  
  87  7:15  Overlord  
  86  7:16  Unknown  
  86  7:19  Drone x4  
  86  7:21  Drone  
  91  7:25  Overlord  
  91  7:29  Drone x3  
  94  7:32  Drone  
  94  7:35  Overlord  
  95  7:39  Zerg Missile Weapons Level 1  
  95  7:43  Mutalisk x2  
  99  7:46  Drone x3  
  99  7:47  Hatchery  
  99  7:51  Evolution Chamber  
  100  7:56  Drone  
  100  7:57  Drone  
  102  7:59  Overlord  
  102  8:03  Hydralisk x4, Roach Warren  
  109  8:07  Hydralisk  
  107  8:20  Hydralisk x3  
  113  8:28  Drone x3  
  113  8:33  Drone x7, Infestation Pit  
  117  8:36  Drone  
  117  8:41  Drone x4  
  119  8:42  Drone  
  119  8:47  Muscular Augments  
  121  8:51  Roach x4  
  121  8:52  Glial Reconstitution  
  129  8:57  Lurker x4  
  129  8:59  Extractor  
  129  9:02  Extractor, Roach x2  
  139  9:03  Roach x2  
  139  9:04  Overlord  
  139  9:18  Roach x9  
  157  9:24  Roach x4  
  157  9:25  Overseer  
  157  9:26  Extractor  
  156  9:31  Hive  
  156  9:33  Zerg Ground Armor Level 1  
  156  9:37  Drone x5  
  161  9:40  Zerg Missile Weapons Level 2  
  161  9:41  Spine Crawler  
  160  9:49  Overlord x4  
  160  9:55  Unknown  
  160  10:05  Grooved Spines  
  160  10:06  Overlord  
  156  10:13  Hydralisk x8, Unknown x2  
  171  10:23  Overlord  
  163  10:29  Hydralisk  
  163  10:30  Hydralisk x6  
  163  10:39  Roach  
  163  10:40  Roach x8  
  164  10:44  Roach  
  164  10:45  Roach x2  
  164  10:50  Roach x3  
  164  10:53  Roach x2  
  154  10:57  Roach x3  
  154  11:01  Unknown  
  146  11:04  Roach  
  146  11:05  Roach x2  
  146  11:10  Roach x2  
  133  11:24  Unknown  
  129  11:32  Overlord x6  
  127  11:39  Overlord  
  127  11:48  Hydralisk x2, Adaptive Talons  
  127  11:50  Hatchery  
  126  11:55  Hydralisk x3  
  126  11:56  Hydralisk x5  
  126  11:58  Lurker x3  
  145  12:07  Hydralisk  
  145  12:08  Hydralisk x3  
  146  12:18  Hydralisk  
  146  12:19  Hydralisk x6  
  157  12:26  Hydralisk  
  157  12:27  Hydralisk x4  
  148  12:33  Hydralisk x2  
  148  12:35  Hydralisk  
  129  12:42  Roach x4  
  117  12:47  Roach, Unknown  
  117  12:48  Roach x2  
  97  12:59  Roach x7  
Tags
 
Add a new tag
Caveats
  • Supply blocks, unpowered buildings, or Contaminate may cause inaccurate times.
  • Supply counts are checked every 10 seconds.